 Dungeon Crawl Stone Soup version 0.31-a0-1278-g11c5b68f87 (webtiles) character file.

Game seed: 10476345577973416379

7091 grandjackal the Reanimator (level 10, 0/88 HPs)
             Began as a Demonspawn Gladiator on Dec 17, 2023.
             Was a Follower of Lugonu.
             Slain by Urug
             ... wielding a +1 demon trident
              (21 damage)
             ... on level 10 of the Dungeon.
             The game lasted 00:15:38 (11653 turns).

grandjackal the Reanimator (Demonspawn Gladiator)  Turns: 11653, Time: 00:15:38

Health: 0/88       AC:  8    Str: 20    XL:     10   Next: 84%
Magic:  10/10      EV: 12    Int: 16    God:    Lugonu [*.....]
Gold:   497        SH:  5    Dex: 16    Spells: 1/9 levels left

rFire   . . .        E - +4 long sword
rCold   . . .        m - +0 buckler
rNeg    . . .        D - +3 leather armour
rPois   +            c - +0 helmet
rElec   .            I - +0 cloak
rCorr   .            (no gloves)
SInv    .            (no boots)
Will    .....        (no amulet)
Stlth   +            i - ring of poison resistance
HPRegen 0.34/turn    u - +6 ring of strength
MPRegen 0.12/turn

%: no passive effects
@: no status effects
A: claws 2, powered by pain 3, big brain 2
a: Renounce Religion, Depart the Abyss


You were on level 10 of the Dungeon.
You worshipped Lugonu.
Lugonu was aware of your devotion.
You visited 2 branches of the dungeon, and saw 11 of its levels.
You visited the Abyss 1 time.

You collected 497 gold pieces.

Inventory:

Hand Weapons
 j - a +2 dagger of venom
 y - a +2 rapier of speed
 E - a +4 long sword (weapon)
Missiles
 e - 4 javelins
 o - 5 poisoned darts (quivered)
Armour
 c - a +0 helmet (worn)
 m - a +0 buckler (worn)
 D - a +3 leather armour (worn)
 G - a +0 robe of willpower
 I - a +0 cloak (worn)
Jewellery
 i - a ring of poison resistance (left claw)
 u - a +6 ring of strength (right claw)
Wands
 d - a wand of mindburst (1)
 r - a wand of quicksilver (8)
 x - a wand of roots (5)
 H - a wand of flame (18)
Scrolls
 a - 4 scrolls of blinking
 f - a scroll of teleportation {unknown}
 g - a scroll of enchant armour {unknown}
 n - a scroll of noise {unknown}
 s - a scroll of silence {unknown}
 v - a scroll of butterflies {unknown}
 A - a scroll of immolation
 B - a scroll of amnesia {unknown}
 J - 3 scrolls of vulnerability {unknown}
Potions
 b - 7 potions of curing
 h - 2 potions of attraction
 k - a potion of berserk rage
 l - a potion of cancellation {unknown}
 p - 4 potions of resistance
 q - a potion of ambrosia
 w - a potion of enlightenment
 z - 2 potions of might {unknown}
 F - a potion of degeneration {unknown}


   Skills:
 + Level 11.6 Fighting
 - Level 3.8 Long Blades
 - Level 2.0 Throwing
 - Level 3.0 Dodging
 - Level 4.2 Shields
 + Level 11.6 Necromancy
 + Level 0.0 Invocations


You had one spell level left.
You knew the following spells:

 Your Spells              Type           Power      Damage    Failure   Level
a - Agony                 Necr           37%        N/A       9%          5
b - Vampiric Draining     Necr           37%        2d8       1%          3

Your spell library contained the following spells:

 Spells                   Type           Power      Damage    Failure   Level
 Necrotise                Necr           100%       1d9       1%          1
 Kiss of Death            Conj/Necr      72%        2d10      3%          1
 Sting                    Tmut/Pois      0%         1d3       36%         1
 Sublimation of Blood     Necr           37%        N/A       1%          2
 Animate Dead             Necr           37%        N/A       3%          4
 Blink                    Tloc           0%         N/A       50%         2
 Poisonous Vapours        Pois/Air       0%         N/A       50%         2
 Dazzling Flash           Conj/Hex       0%         N/A       73%         3
 Mephitic Cloud           Conj/Pois/Air  0%         N/A       73%         3
 Manifold Assault         Tloc           0%         N/A       98%         4
 Olgreb's Toxic Radiance  Pois           0%         N/A       98%         4
 Freezing Cloud           Conj/Ice/Air   0%         6-21      100%        5
 Silence                  Hex/Air        0%         N/A       100%        5
 Haunt                    Necr/Summ      9%         N/A       100%        7
 Infestation              Necr           18%        N/A       100%        8


Dungeon Overview and Level Annotations

Branches:
Dungeon (10/15)            Temple (1/1) D:7            Lair (0/5) D:9
    Orc (0/2) D:9

Altars:
Ashenzari
Cheibriados
Dithmenos
Fedhas
Gozag
Hepliaklqana
Kikubaaqudgha
Makhleb
Okawaru
Qazlal
Ru
Sif Muna
Trog
Uskayaw
Vehumet
Wu Jian
Xom
Yredelemnul

Annotations:
D:7 2 transporters
D:9 3 runed translucent doors, ragingrage's ghost, journeyman HuWn
D:10 Urug


Innate Abilities, Weirdness & Mutations

You have very sharp fingernails.
You are powered by pain.
You have an extremely huge brain. (Int +4)


Message History

There is an open door here.
There is a stone staircase leading down, spattered with blood here.
You climb downwards.
Level annotation: Urug
There is a stone staircase leading up, spattered with blood here.
A centaur is nearby!
The centaur shouts!
You slash the centaur!
The centaur is moderately wounded.
The centaur unwields a +0 shortbow.
The centaur barely misses you. The centaur closely misses you.
You hit the centaur.
The centaur is heavily wounded.
The centaur hits you. The centaur closely misses you.
You block the centaur's attack. The centaur closely misses you.
You closely miss the centaur.
The centaur is heavily wounded.
You block the centaur's attack. The centaur misses you.
Urug hits you from afar with a +1 demon trident!!
The centaur misses you.
The centaur kicks you but does no damage.
You hit the centaur.
The centaur is severely wounded.
The centaur misses you.
The centaur kicks you but does no damage.
Urug hits you from afar with a +1 demon trident!
The centaur hits you. You block the centaur's attack.
You slash the centaur!
The centaur is almost dead.
The centaur completely misses you. The centaur closely misses you.
Urug hits you from afar with a +1 demon trident!!
* * * LOW HITPOINT WARNING * * *
Urug hits you from afar with a +1 demon trident.
* * * LOW HITPOINT WARNING * * *
The centaur closely misses you. x2
You block the centaur's attack.
The centaur kicks you but does no damage.
Urug hits you from afar with a +1 demon trident!!
You die...
Urug screams, "Revenge at last!"

.#. ## .(. .. #.(
.# ..##.#
#........(..# #
#........).. .#
#......o #(##.#.###
#......# #.........
......# #c@#.#...
#....#..o....#
...###....#....##.#
.......<$.......
...
...######.#....#
... ........ ...+
#.#....# ..#
#.#.... ..# ..


You could see Urug and a centaur.

Vanquished Creatures
  A two-headed ogre (D:9)
  Joseph (D:9)
  A komodo dragon (D:10)
  Jeremiah (D:7)
  11 yaks (D:9)
  A ynoxinul (Abyss:1)
  3 wyverns
  Eustachio (D:6)
  2 steam dragons
  Menkaure (D:7)
  2 water moccasins
  An acid dragon (D:8)
  2 ice beasts (D:7)
  A sky beast (D:7)
  2 orc warriors
  3 ogres
  3 centaurs
  2 bullfrogs
  2 scorpions (D:5)
  10 wights
  A howler monkey (D:5)
  5 orc priests
  3 hounds
  Crazy Yiuf (D:7)
  2 gnoll boudas
  2 sleepcaps (D:6)
  An iguana (D:4)
  7 orc wizards
  13 gnolls
  7 adders
  A shadow imp (D:6)
  2 worms
  2 dart slugs
  28 orcs
  3 endoplasms
  3 giant cockroaches (D:1)
  8 goblins
  8 hobgoblins
  A jackal (D:3)
  6 quokkas
  8 ball pythons
  5 bats
  3 frilled lizards
  8 kobolds
  8 rats
187 creatures vanquished.

Notes
Turn   | Place    | Note
-------+----------+-------------------------------------------
     0 | D:1      | grandjackal the Demonspawn Gladiator began the quest for
                  | the Orb.
     0 | D:1      | Reached XP level 1. HP: 16/16 MP: 1/1
   139 | D:1      | Gained mutation: You have an unusually large brain. (Int
                  | +2) [demonic ancestry]
   139 | D:1      | Reached XP level 2. HP: 22/22 MP: 2/2
   261 | D:1      | Found a faded altar of an unknown god.
   293 | D:1      | Reached XP level 3. HP: 28/28 MP: 3/3
   640 | D:2      | Reached skill level 1 in Shields
   640 | D:2      | Gained mutation: You sometimes gain a little power by
                  | taking damage. [demonic ancestry]
   640 | D:2      | Reached XP level 4. HP: 32/35 MP: 4/4
  1195 | D:3      | Found a shimmering altar of Xom.
  1905 | D:3      | Gained mutation: You have sharp fingernails. [demonic
                  | ancestry]
  1905 | D:3      | Reached XP level 5. HP: 9/41 MP: 5/5
  2432 | D:4      | Gained mutation: You have an extremely huge brain. (Int +4)
                  | [demonic ancestry]
  2432 | D:4      | Reached XP level 6. HP: 45/48 MP: 6/6
  2558 | D:4      | Found a snail-covered altar of Cheibriados.
  2718 | D:4      | Learned a level 5 spell: Agony
  3082 | D:5      | Entered Level 5 of the Dungeon
  3168 | D:5      | Reached skill level 1 in Necromancy
  3258 | D:5      | Gained mutation: You sometimes gain power by taking damage.
                  | [demonic ancestry]
  3258 | D:5      | Reached XP level 7. HP: 50/55 MP: 7/7
  3569 | D:6      | Reached skill level 5 in Fighting
  3828 | D:6      | Noticed Eustachio
  3846 | D:6      | Killed Eustachio
  4352 | D:6      | Gained mutation: You have very sharp fingernails. [demonic
                  | ancestry]
  4352 | D:6      | Reached XP level 8. HP: 60/64 MP: 8/8
  5028 | D:7      | Found a staircase to the Ecumenical Temple.
  5055 | D:6      | Reached skill level 5 in Necromancy
  5331 | Temple   | Entered the Ecumenical Temple
  5488 | Temple   | Became a worshipper of Kikubaaqudgha
  5520 | D:7      | Found a transporter.
  5598 | D:7      | Noticed Menkaure
  5600 | D:7      | Killed Menkaure
  6000 | D:7      | Noticed Jeremiah
  6026 | D:7      | Killed Jeremiah
  6027 | D:7      | Reached XP level 9. HP: 40/74 MP: 9/9
  6140 | D:7      | Found a runed translucent door.
  6141 | D:7      | Noticed Crazy Yiuf
  6774 | D:7      | Found a transporter.
  6932 | D:7      | Killed Crazy Yiuf
  7894 | D:8      | Found a blossoming altar of Fedhas.
  8653 | D:9      | Found a staircase to the Orcish Mines.
  8658 | D:9      | Reached * piety under Kikubaaqudgha
  8658 | D:9      | Received a gift from Kikubaaqudgha
  8672 | D:9      | Learned a level 3 spell: Vampiric Draining
  9282 | D:9      | Found a staircase to the Lair.
  9331 | D:9      | Found a broken altar of Ashenzari.
  9342 | D:9      | Gained mutation: You are powered by pain. [demonic
                  | ancestry]
  9342 | D:9      | Reached XP level 10. HP: 64/85 MP: 10/10
  9428 | D:9      | Found a runed translucent gate.
  9428 | D:9      | Found a runed translucent gate.
  9429 | D:9      | Found a runed translucent gate.
  9431 | D:9      | Noticed ragingrage's ghost (journeyman HuWn)
  9431 | D:9      | Noticed a nine-headed hydra
  9455 | D:9      | Reached skill level 10 in Fighting
  9569 | D:9      | Reached skill level 10 in Necromancy
  9813 | D:9      | HP: 3/86 [yak (3)]
 10332 | D:9      | Found a bloodstained altar of Trog.
 10667 | D:10     | Entered Level 10 of the Dungeon
 10667 | D:10     | Noticed a two-headed ogre
 10679 | D:9      | Killed a two-headed ogre
 10814 | D:10     | Noticed Urug
 11011 | D:10     | Noticed Joseph
 11036 | Abyss:1  | Cast into level 1 of the Abyss (Joseph)
 11088 | Abyss:1  | Noticed a thrashing horror
 11105 | Abyss:1  | Noticed a sixfirhy
 11284 | Abyss:1  | Found a corrupted altar of Lugonu.
 11302 | Abyss:1  | Fell from the grace of Kikubaaqudgha
 11302 | Abyss:1  | Became a worshipper of Lugonu the Unformed
 11302 | Abyss:1  | Reached * piety under Lugonu
 11302 | Abyss:1  | Reached ** piety under Lugonu
 11304 | D:9      | Escaped the Abyss
 11310 | D:9      | HP: 2/87 [Joseph/+1 quarterstaff of distortion (5)]
 11315 | D:9      | Killed Joseph
 11653 | D:10     | Slain by Urug

Illustrated notes

Levels and vault maps discovered:
D:1:      mrwooster_arrival_statue_3, layout_rooms,
          hellmonk_ecumenical_altar_inner_sanctum
D:2:      layout_rooms, minmay_heptomino_w4
D:3:      minmay_angry_zag, layout_basic, amcnicky_altar_gilded, serial_rivers,
          chequers_serial_rivers_micro_e, chequers_serial_rivers_small_b,
          chequers_serial_rivers_small_b, chequers_serial_rivers_small_a,
          chequers_serial_rivers_micro_a, chequers_serial_rivers_small_3
D:4:      layout_cave_pools, cheibrodos_worm_habitat,
          minmay_misc_feat_four_crosses
D:5:      layout_rooms
D:6:      layout_loops_ring, chequers_serial_rivers_micro_b, uniq_eustachio
D:7:      gammafunk_steamed_eel, layout_basic, minmay_temple_entry_mini_moons,
          enter_ossuary_2, uniq_menkaure, uniq_crazy_yiuf_cottage, uniq_jeremiah
D:8:      layout_gridville, fedhas_altar_4
D:9:      layout_roguey, lightli_temple_of_fire, mainiacjoe_overflow_brackets,
          nicolae_overflow_crystal_walls, dpeg_oklobed_lair, orc_0_dummy,
          gammafunk_ghost_hydra_chop
D:10:     layout_basic, nemelex_diamond_rough_becter,
          gammafunk_ghost_necromancy, uniq_joseph, uniq_urug
Temple:   nicolae_temple_bog_church

Skill      XL: |  1  2  3  4  5  6  7  8  9 10 |
---------------+-------------------------------+-----
Throwing       | 2 |  2.0
Long Blades    | 3 |  3.8
Dodging        | 3 |  3.0
Fighting       | 3 4 6 8 9 11 | 11.6
Shields        | 1 2 3 4 |  4.2
Necromancy     | 2 4 7 9 11 | 11.6

Action                     |  1- 3 |  4- 6 |  7- 9 | 10-12 || total
---------------------------+-------+-------+-------+-------++-------
  Melee: Long sword        |    41 |       |    42 |    17 ||   100
         Dagger            |    69 |   219 |   436 |   120 ||   844
  Throw: Dart              |       |     3 |     4 |     6 ||    13
         Throwing net      |       |       |     3 |       ||     3
   Cast: Vampiric Draining |       |       |       |    15 ||    15
         Agony             |       |       |       |     3 ||     3
 Invoke: Depart the Abyss  |       |       |       |     1 ||     1
  Evoke: Wand              |       |       |    12 |    11 ||    23
    Use: Scroll            |       |       |     7 |       ||     7
         Potion            |       |       |     1 |     4 ||     5
   Stab: Held in net/web   |       |       |     2 |       ||     2
 Armour: Scale mail        |    66 |   115 |    48 |       ||   229
         Leather armour    |       |       |   259 |   183 ||   442
  Dodge: Dodged            |    66 |    87 |   227 |   149 ||   529
  Block: Buckler           |       |    33 |   118 |    63 ||   214

Table legend: (Time is in decaauts)
 A = Elapsed time spent in this place.
 B = Non-inter-level travel time spent in this place.
 C = Inter-level travel time spent in this place.
 D = Time resting spent in this place.
 E = Time spent auto-exploring this place.
 F = Levels seen in this place.
 G = Mean time per level.
                   A        B        C        D        E       F      G
               +--------+--------+--------+--------+--------+-----+--------+
         Total |  11628 |  11262 |    366 |   4273 |   4936 |  12 |  969.0 |
       Dungeon |  11187 |  10846 |    341 |   3944 |   4936 |  10 | 1118.7 |
        Temple |    170 |    145 |     25 |    144 |      0 |   1 |  170.0 |
         Abyss |    270 |    270 |      0 |    185 |      0 |   1 |  270.0 |
               +--------+--------+--------+--------+--------+-----+--------+

Top non-repeatable levels by time:
     D:9: 2460 daAuts
     D:8: 1805 daAuts
     D:7: 1640 daAuts
     D:6: 1594 daAuts
     D:3: 1146 daAuts
     D:4: 851 daAuts
     D:2: 612 daAuts
     D:5: 563 daAuts
     D:1: 478 daAuts
 Abyss:1: 270 daAuts
  Temple: 170 daAuts
    D:10: 35 daAuts
